[Event "GER-ch Youth U10 2020"]
[Site "Willingen"]
[Date "2020.10.27"]
[Round "1.21"]
[White "Ahlers, Quentin"]
[Black "Uyar, Levin"]
[Result "0-1"]
[ECO "C50"]
[WhiteElo "1425"]
[BlackElo "1471"]
[Annotator "NA RC"]
[PlyCount "52"]
[EventDate "2020.10.27"]
[EventType "swiss"]
[EventRounds "7"]
[EventCountry "GER"]
[SourceTitle "playchess.com"]
[Source "ChessBase"]
[SourceQuality "1"]
[TimeControl "40/4500+30:900+30"]

1. e4 e5 2. Nf3 Nc6 3. Bc4 Nf6 4. d3 Bc5 5. c3 d6 6. a4 a5 7. O-O O-O 8. Re1 Be6 9. Bxe6 fxe6 10. h3 Qd7 11. d4 Bb6 12. dxe5 Nxe5 13. Nxe5 dxe5 14. Qc2 Rad8 15. Bg5 Qd6 16. Nd2 Bxf2+ 17. Kxf2 Nxe4+ 18. Kg1 Nxg5 19. Ne4 Qe7 20. Nxg5 Qxg5 21. Qb3 Rd2 22. Qxb7 Rff2 23. Qc8+ Kf7 24. Qxc7+ Kg6 25. Qc6 Rxg2+ 26. Qxg2 Qxg2# 0-1

[Event "GER-ch Youth U10 2020"]
[Site "Willingen"]
[Date "2020.10.27"]
[Round "1.22"]
[White "Herrmann, Arthur"]
[Black "Nemitz, Alfred"]
[Result "0-1"]
[ECO "C42"]
[WhiteElo "1151"]
[BlackElo "1287"]
[Annotator "NA RC"]
[PlyCount "116"]
[EventDate "2020.10.27"]
[EventType "swiss"]
[EventRounds "7"]
[EventCountry "GER"]
[SourceTitle "playchess.com"]
[Source "ChessBase"]
[SourceQuality "1"]
[TimeControl "40/4500+30:900+30"]

1. e4 e5 2. Nf3 Nf6 3. Nxe5 d6 4. Nf3 Nxe4 5. d4 d5 6. Bd3 Nc6 7. O-O Be7 8. c3 O-O 9. Re1 Nf6 10. Bg5 h6 11. Bh4 Bg4 12. Nbd2 Qd7 13. Qc2 Rfe8 14. Bg3 Bf8 15. h3 Rxe1+ 16. Rxe1 Be6 17. Nf1 a6 18. Ne3 Bd6 19. Ne5 Bxe5 20. dxe5 Ne8 21. Nf5 Ne7 22. Nxe7+ Qxe7 23. f4 c5 24. b3 b5 25. f5 Bc8 26. c4 bxc4 27. bxc4 d4 28. Be4 Bb7 29. Bxb7 Qxb7 30. Qe4 Qxe4 31. Rxe4 Rb8 32. Kf2 Rb2+ 33. Re2 Rb4 34. Rc2 Kf8 35. Ke2 Ke7 36. Kd3 Ra4 37. Rb2 Ra3+ 38. Rb3 Rxa2 39. Rb7+ Kf8 40. Bh4 f6 41. exf6 gxf6 42. g3 Ra3+ 43. Kd2 Rf3 44. Ra7 Rxf5 45. Rxa6 Rf2+ 46. Kd3 Rf3+ 47. Kd2 Rc3 48. Ra4 Nd6 49. Ra8+ Kf7 50. Ra7+ Kg6 51. Ra6 Nxc4+ 52. Kd1 Rf3 53. Ke2 Rf5 54. Kd3 Ne5+ 55. Ke4 d3 56. Rd6 c4 57. Rd4 c3 58. Ke3 c2 0-1

[Event "GER-ch Youth U10 2020"]
[Site "Willingen"]
[Date "2020.10.27"]
[Round "1.23"]
[White "Hellenbroich, Hanno"]
[Black "Noennig, Jakob"]
[Result "1/2-1/2"]
[ECO "C54"]
[WhiteElo "1291"]
[BlackElo "1442"]
[Annotator "NA RC"]
[PlyCount "78"]
[EventDate "2020.10.27"]
[EventType "swiss"]
[EventRounds "7"]
[EventCountry "GER"]
[SourceTitle "playchess.com"]
[Source "ChessBase"]
[SourceQuality "1"]
[TimeControl "40/4500+30:900+30"]

1. e4 e5 2. Nf3 Nc6 3. Bc4 Bc5 4. c3 Nf6 5. d3 d6 6. O-O Bg4 7. Nbd2 O-O 8. Re1 h6 9. Nf1 Ne7 10. Ng3 Qd7 11. d4 exd4 12. cxd4 Bxf3 13. gxf3 Bb4 14. Re2 b5 15. Bd3 Rad8 16. Be3 c6 17. Qc1 Ne8 18. Nf5 Nxf5 19. exf5 f6 20. a3 Ba5 21. b4 Bc7 22. Re1 Qf7 23. Bf4 d5 24. Kh1 Qh5 25. Be2 Bxf4 26. Qxf4 Rc8 27. Rg1 Rf7 28. Rae1 Re7 29. Bd3 Rxe1 30. Rxe1 Qf7 31. Rg1 Kh8 32. Qe3 Nc7 33. Rc1 Qd7 34. Bb1 a6 35. Qc3 Ne8 36. Qe3 Nc7 37. Qc3 Ne8 38. Qe3 Nc7 39. Qc3 Qd8 1/2-1/2

[Event "GER-ch Youth U10 2020"]
[Site "Willingen"]
[Date "2020.10.27"]
[Round "1.24"]
[White "Pimenov, Danil"]
[Black "Allen, Phillipp"]
[Result "1-0"]
[ECO "B28"]
[WhiteElo "1235"]
[BlackElo "1250"]
[Annotator "NA RC"]
[PlyCount "113"]
[EventDate "2020.10.27"]
[EventType "swiss"]
[EventRounds "7"]
[EventCountry "GER"]
[SourceTitle "playchess.com"]
[Source "ChessBase"]
[SourceQuality "1"]
[TimeControl "40/4500+30:900+30"]

1. e4 c5 2. Nf3 a6 3. d4 cxd4 4. Nxd4 e5 5. Nb3 d6 6. Nc3 Nf6 7. Be3 Be7 8. Be2 Nbd7 9. Qd2 Qc7 10. f3 b6 11. O-O-O Bb7 12. g4 h6 13. h4 b5 14. a3 Rc8 15. g5 hxg5 16. hxg5 Nh5 17. f4 exf4 18. Bxf4 g6 19. Bxh5 gxh5 20. Bxd6 Qxd6 21. Qxd6 Bxd6 22. Rxd6 Ke7 23. Rhd1 Rc7 24. Na5 h4 25. Nxb7 h3 26. Na5 h2 27. Rh6 Rxh6 28. gxh6 Nf6 29. Rh1 Rc8 30. Nd5+ Nxd5 31. exd5 Kd6 32. Rxh2 Kxd5 33. Nb7 f5 34. h7 Rh8 35. Nd8 Ke4 36. Nf7 Rxh7 37. Rxh7 f4 38. Kd2 f3 39. Ng5+ Kf4 40. Nxf3 Kxf3 41. b4 Ke4 42. Rh5 Kd4 43. Rh4+ Kd5 44. Ke3 a5 45. Rd4+ Kc6 46. Ke4 axb4 47. axb4 Kc7 48. Ke5 Kc6 49. Rd6+ Kc7 50. Kd5 Kb7 51. Rc6 Kb8 52. Kd6 Kb7 53. Kd7 Kb8 54. Rc7 Ka8 55. Kc6 Kb8 56. Kb6 Ka8 57. Rc8# 1-0

[Event "GER-ch Youth U10 2020"]
[Site "Willingen"]
[Date "2020.10.27"]
[Round "1.25"]
[White "Peters, Lasse"]
[Black "Blumenthal Tuset, Sebastian"]
[Result "0-1"]
[ECO "B01"]
[WhiteElo "1223"]
[BlackElo "1453"]
[Annotator "NA RC"]
[PlyCount "168"]
[EventDate "2020.10.27"]
[EventType "swiss"]
[EventRounds "7"]
[EventCountry "GER"]
[SourceTitle "playchess.com"]
[Source "ChessBase"]
[SourceQuality "1"]
[TimeControl "40/4500+30:900+30"]

1. e4 d5 2. exd5 Qxd5 3. Nc3 Qd6 4. Nf3 Bg4 5. Bc4 e6 6. d3 Nf6 7. Bg5 Nbd7 8. h3 Bh5 9. Qd2 Bxf3 10. gxf3 c6 11. O-O-O O-O-O 12. Ne4 Nxe4 13. fxe4 Be7 14. Bxe7 Qxe7 15. f4 e5 16. Rhg1 g6 17. c3 Nc5 18. Qf2 b5 19. d4 Nxe4 20. Qe3 exf4 21. Qxf4 bxc4 22. Rge1 f5 23. Re3 Qd6 24. Qf3 Rhe8 25. Kc2 Ng5 26. Qf2 Rxe3 27. Qxe3 Qf6 28. h4 Nf7 29. Qe2 Nd6 30. d5 Re8 31. Qf2 cxd5 32. Qc5+ Kd8 33. Qa5+ Ke7 34. Qxa7+ Kf8 35. Qxh7 Qg7 36. Qxg7+ Kxg7 37. Rxd5 Re6 38. a4 f4 39. a5 f3 40. Rd2 Re2 41. Rxe2 fxe2 42. Kd2 Nc8 43. Kxe2 Kf6 44. Kf3 Kf5 45. a6 Na7 46. Kg3 Nc6 47. Kf3 Ne5+ 48. Kg3 Nc6 49. Kf3 Na7 50. Ke3 Kg4 51. Kd4 Kxh4 52. Kc5 g5 53. Kb6 g4 54. Kxa7 g3 55. Kb7 g2 56. a7 g1=Q 57. a8=Q Qg2+ 58. Kb8 Qxb2+ 59. Ka7 Qxc3 60. Qd8+ Kg3 61. Qd6+ Kf2 62. Qc5+ Ke2 63. Qh5+ Kd2 64. Qh2+ Kc1 65. Qg1+ Kb2 66. Qf2+ Kb3 67. Qb6+ Qb4 68. Qe3+ Ka4 69. Qe8+ Qb5 70. Qe1 Qa5+ 71. Qxa5+ Kxa5 72. Kb7 c3 73. Kc6 c2 74. Kd5 c1=Q 75. Ke4 Qd2 76. Ke5 Kb5 77. Ke4 Kc5 78. Ke5 Qe3+ 79. Kf5 Kd6 80. Kf6 Qf4+ 81. Kg7 Ke6 82. Kh7 Qg5 83. Kh8 Kf7 84. Kh7 Qg7# 0-1

[Event "GER-ch Youth U10 2020"]
[Site "Willingen"]
[Date "2020.10.27"]
[Round "1.27"]
[White "Ehrath, Hendrik"]
[Black "Bangert, Jonas"]
[Result "0-1"]
[ECO "B10"]
[WhiteElo "1193"]
[BlackElo "1549"]
[Annotator "NA RC"]
[PlyCount "72"]
[EventDate "2020.10.27"]
[EventType "swiss"]
[EventRounds "7"]
[EventCountry "GER"]
[SourceTitle "playchess.com"]
[Source "ChessBase"]
[SourceQuality "1"]
[TimeControl "40/4500+30:900+30"]

1. e4 c6 2. Nc3 d5 3. Nf3 dxe4 4. Nxe4 Nf6 5. Bc4 Nxe4 6. Qe2 Nf6 7. Ng5 e6 8. d3 h6 9. Nf3 Be7 10. Bf4 Nbd7 11. O-O b5 12. Bb3 Nb6 13. Ne5 Bd7 14. Qf3 Qc8 15. Qg3 Nh5 16. Qf3 Nxf4 17. Qxf4 Bf6 18. Ng4 Qd8 19. Nxf6+ Qxf6 20. Qg3 O-O 21. Qc7 Qxb2 22. Rab1 Qf6 23. Qg3 Rac8 24. c4 c5 25. cxb5 Bxb5 26. Rfc1 Bxd3 27. Qxd3 Rfd8 28. Qg3 Rd7 29. Rd1 Rxd1+ 30. Rxd1 c4 31. Bc2 Qb2 32. Be4 c3 33. Rb1 c2 34. Qb3 cxb1=Q+ 35. Bxb1 Rc1+ 36. Qd1 Rxd1# 0-1

[Event "GER-ch Youth U10 2020"]
[Site "Willingen"]
[Date "2020.10.27"]
[Round "1.29"]
[White "Kutz, Paul Matti"]
[Black "Thuemler, Floris"]
[Result "0-1"]
[ECO "B00"]
[WhiteElo "1242"]
[BlackElo "1295"]
[Annotator "NA RC"]
[PlyCount "62"]
[EventDate "2020.10.27"]
[EventType "swiss"]
[EventRounds "7"]
[EventCountry "GER"]
[SourceTitle "playchess.com"]
[Source "ChessBase"]
[SourceQuality "1"]
[TimeControl "40/4500+30:900+30"]

1. e4 d6 2. Nf3 Nf6 3. d3 g6 4. c3 Bg7 5. Be2 O-O 6. O-O Nbd7 7. Bf4 Nc5 8. e5 Nd5 9. Bg3 Bf5 10. d4 Ne4 11. exd6 cxd6 12. Bd3 Qb6 13. Bxe4 Bxe4 14. Qe1 Bxf3 15. gxf3 Qxb2 16. Qe4 Nf6 17. Qxe7 Qxa1 18. Qxb7 Rab8 19. Qxa7 Rxb1 20. Rxb1 Qxb1+ 21. Kg2 Qb8 22. Qa3 Qa8 23. Qxd6 Qxa2 24. d5 Nxd5 25. Be5 Bxe5 26. Qxe5 Qc4 27. f4 Nxf4+ 28. Kg1 Ne2+ 29. Kg2 Nxc3 30. f4 Qe4+ 31. Qxe4 Nxe4 0-1

[Event "GER-ch Youth U10 2020"]
[Site "Willingen"]
[Date "2020.10.28"]
[Round "2.1"]
[White "Besou, Hussain"]
[Black "Braun, Julian"]
[Result "1-0"]
[ECO "C78"]
[WhiteElo "1825"]
[BlackElo "1441"]
[Annotator "NA RC"]
[PlyCount "57"]
[EventDate "2020.10.27"]
[EventType "swiss"]
[EventRounds "7"]
[EventCountry "GER"]
[SourceTitle "playchess.com"]
[Source "ChessBase"]
[SourceQuality "1"]
[TimeControl "40/4500+30:900+30"]

1. e4 e5 2. Nf3 Nc6 3. Bb5 a6 4. Ba4 Nf6 5. O-O b5 6. Bb3 Be7 7. d3 O-O 8. c3 d6 9. h3 {[%emt 0:00:06] C84: Closed Ruy Lopez: Unusual White 6th moves.} Nb8 10. d4 Nbd7 11. Nbd2 Bb7 12. Re1 {[%emt 0:00:06] [#]} h6 $146 ({Predecessor:} 12... c5 13. d5 c4 14. Bc2 Nc5 15. Nf1 Nfd7 16. Ng3 g6 17. Bh6 Re8 18. Qd2 Nb6 {0-1 (76) Espinoza,F (2159)-Rocha,M (2134) Managua 2016}) 13. d5 ({Better is} 13. Bc2 $14) 13... c6 14. dxc6 Bxc6 15. Bc2 Nc5 16. b4 Ne6 17. Nf1 Nf4 (17... Qc7 $15 {keeps the upper hand.}) 18. Bxf4 $1 exf4 19. Nd4 Qd7 (19... Qc7 $14) 20. Qd2 d5 21. Qxf4 dxe4 22. Rad1 (22. Nf5 $16) 22... Bd6 23. Qf5 $11 Qxf5 24. Nxf5 Be5 25. Ne7+ Kh8 26. Nxc6 Bxc3 27. Re3 Bb2 28. Bxe4 Rac8 29. Bf3 1-0

[Event "GER-ch Youth U10 2020"]
[Site "Willingen"]
[Date "2020.10.28"]
[Round "2.2"]
[White "Goldmann, David"]
[Black "Kullmann, Max"]
[Result "1-0"]
[ECO "A21"]
[WhiteElo "1644"]
[BlackElo "1375"]
[Annotator "NA RC"]
[PlyCount "131"]
[EventDate "2020.10.27"]
[EventType "swiss"]
[EventRounds "7"]
[EventCountry "GER"]
[SourceTitle "playchess.com"]
[Source "ChessBase"]
[SourceQuality "1"]
[TimeControl "40/4500+30:900+30"]

1. c4 e5 2. Nc3 g6 3. Nf3 Bg7 4. d4 Nc6 5. d5 Nce7 6. d6 cxd6 7. Nb5 Qa5+ 8. Bd2 Qb6 9. Bc3 d5 10. e3 a6 11. Na3 d4 12. exd4 exd4 13. Bxd4 Bxd4 14. Qxd4 Qxd4 15. Nxd4 Nc6 16. O-O-O Nge7 17. Be2 O-O 18. Bf3 Nxd4 19. Rxd4 Nc6 20. Rd2 b5 21. b3 bxc4 22. Nxc4 Rb8 23. Kb2 Rb5 24. Rc1 Ne5 25. Be4 Nxc4+ 26. Rxc4 Rd8 27. Rd6 Bb7 28. Bxb7 Rxb7 29. Rxa6 d5 30. Rd4 Re7 31. Kc2 Re2+ 32. Rd2 Re7 33. Rc6 Ra7 34. a4 Rb7 35. a5 Rb5 36. a6 Ra8 37. Kc3 Ra5 38. b4 R5xa6 39. Rxa6 Rxa6 40. Rxd5 Kf8 41. Rd2 Ke7 42. Kc4 Ra8 43. b5 Rc8+ 44. Kb4 Rb8 45. Ka5 Ra8+ 46. Kb6 Ra3 47. Kb7 Rb3 48. b6 Rc3 49. Kb8 Rb3 50. b7 Rc3 51. Ra2 Rd3 52. Ka8 Rd8+ 53. b8=Q Rxb8+ 54. Kxb8 Kf6 55. Kc7 Ke7 56. Re2+ Kf6 57. Kd7 Kg7 58. Ke7 f5 59. f3 Kh6 60. g4 fxg4 61. fxg4 Kg5 62. h3 Kh4 63. g5 Kh5 64. Re5 h6 65. Kf6 hxg5 66. Rxg5+ 1-0

[Event "GER-ch Youth U10 2020"]
[Site "Willingen"]
[Date "2020.10.28"]
[Round "2.3"]
[White "Uyar, Levin"]
[Black "Neuhoff, Laertes"]
[Result "0-1"]
[ECO "C58"]
[WhiteElo "1471"]
[BlackElo "1655"]
[Annotator "NA RC"]
[PlyCount "66"]
[EventDate "2020.10.27"]
[EventType "swiss"]
[EventRounds "7"]
[EventCountry "GER"]
[SourceTitle "playchess.com"]
[Source "ChessBase"]
[SourceQuality "1"]
[TimeControl "40/4500+30:900+30"]

1. e4 e5 2. Nf3 Nc6 3. Bc4 Nf6 4. Ng5 d5 5. exd5 Na5 6. Bb5+ c6 7. dxc6 bxc6 8. Bd3 Nd5 9. Nf3 Bd6 10. O-O O-O 11. Nc3 f5 12. Be2 e4 13. Nd4 Be5 14. Nb3 Nxb3 15. axb3 Qc7 16. h3 Nxc3 17. bxc3 f4 18. f3 Qb6+ 19. Kh1 e3 20. Qe1 Bf5 21. dxe3 Bxc2 22. exf4 Bf6 23. b4 Rfe8 24. Qd2 Bb3 25. Bb2 Rad8 26. Qe1 Kh8 27. g3 Bc4 28. Rf2 Qe3 29. Ra3 Bxe2 30. c4 Bxf3+ 31. Rxf3 Qxe1+ 32. Kg2 Re2+ 33. Rf2 Rxf2# 0-1

[Event "GER-ch Youth U10 2020"]
[Site "Willingen"]
[Date "2020.10.28"]
[Round "2.4"]
[White "Dordevic, Tom"]
[Black "Pimenov, Danil"]
[Result "1-0"]
[ECO "B33"]
[WhiteElo "1535"]
[BlackElo "1235"]
[Annotator "NA RC"]
[PlyCount "105"]
[EventDate "2020.10.27"]
[EventType "swiss"]
[EventRounds "7"]
[EventCountry "GER"]
[SourceTitle "playchess.com"]
[Source "ChessBase"]
[SourceQuality "1"]
[TimeControl "40/4500+30:900+30"]

1. e4 c5 2. Nf3 Nc6 3. d4 cxd4 4. Nxd4 Nf6 5. Nc3 e5 6. Ndb5 d6 7. Bg5 a6 8. Na3 b5 9. Bxf6 gxf6 10. Nd5 f5 11. exf5 Bxf5 12. c3 Be6 13. Nc2 Rc8 14. Nce3 Bh6 15. Qf3 Bxe3 16. Nxe3 Qb6 17. Rd1 Ke7 18. Bd3 h5 19. Bf5 Rcd8 20. Be4 Na5 21. Bd5 Nc4 22. Nf5+ Bxf5 23. Qxf5 Rdf8 24. Qg5+ Kd7 25. b3 Nb2 26. Rd2 Qc5 27. Qf5+ Ke7 28. Qc2 b4 29. c4 Nxc4 30. Qxc4 Qxc4 31. Bxc4 a5 32. Rd5 Ra8 33. Ke2 f5 34. Rhd1 Rhd8 35. Rb5 Rdb8 36. Rdd5 Rxb5 37. Rxb5 Ra7 38. Rb8 Kf6 39. Rh8 Rc7 40. Rh6+ Ke7 41. Rxh5 Kf6 42. Rh6+ Kg5 43. Rxd6 Rh7 44. h3 Kf4 45. Ra6 Rg7 46. g3+ Ke4 47. Rxa5 f4 48. f3+ Kd4 49. g4 Rh7 50. Kd2 Rd7 51. Rd5+ Rxd5 52. Bxd5 Kxd5 53. Kd3 1-0

[Event "GER-ch Youth U10 2020"]
[Site "Willingen"]
[Date "2020.10.28"]
[Round "2.5"]
[White "Blumenthal Tuset, Sebastian"]
[Black "Herrmann, Jakob"]
[Result "0-1"]
[ECO "B13"]
[WhiteElo "1453"]
[BlackElo "1504"]
[Annotator "NA RC"]
[PlyCount "88"]
[EventDate "2020.10.27"]
[EventType "swiss"]
[EventRounds "7"]
[EventCountry "GER"]
[SourceTitle "playchess.com"]
[Source "ChessBase"]
[SourceQuality "1"]
[TimeControl "40/4500+30:900+30"]

1. e4 c6 2. d4 d5 3. exd5 cxd5 4. Nf3 Nc6 5. Be2 Bf5 6. c3 e6 7. O-O Nf6 8. Bf4 Be7 9. h3 O-O 10. Nbd2 Qd7 11. Ne5 Nxe5 12. dxe5 Ne4 13. Nxe4 Bxe4 14. c4 Rfd8 15. Qd4 Rac8 16. b3 Bc5 17. Qd2 h6 18. Rad1 Qe7 19. Bg3 dxc4 20. Qf4 Bd3 21. Bxd3 cxd3 22. Qf3 d2 23. Bf4 Bb4 24. Qg4 Kh8 25. Qh5 Rd5 26. h4 Bc3 27. Bg5 Rxe5 28. Qxh6+ gxh6 29. Bxe7 Re1 30. Kh2 Be5+ 31. f4 Bxf4+ 32. g3 Rc1 33. Bb4 Rcxd1 34. Bc3+ Kg8 35. Bxd2 Bxd2 36. Rxe1 Bxe1 37. Kg2 Rd2+ 38. Kf1 Bxg3 39. Kg1 e5 40. h5 e4 41. a4 e3 42. b4 Rh2 43. b5 e2 44. a5 e1=R# 0-1

[Event "GER-ch Youth U10 2020"]
[Site "Willingen"]
[Date "2020.10.28"]
[Round "2.7"]
[White "Buchinger, Alexis"]
[Black "Radeke, Timothy"]
[Result "1-0"]
[ECO "B07"]
[WhiteElo "1496"]
[BlackElo "1143"]
[Annotator "NA RC"]
[PlyCount "39"]
[EventDate "2020.10.27"]
[EventType "swiss"]
[EventRounds "7"]
[EventCountry "GER"]
[SourceTitle "playchess.com"]
[Source "ChessBase"]
[SourceQuality "1"]
[TimeControl "40/4500+30:900+30"]

1. e4 d6 2. d4 Nf6 3. Nc3 Nbd7 4. Nf3 e5 5. Bg5 h6 6. Bxf6 Qxf6 7. Be2 Be7 8. Nd5 Qg6 9. Nxc7+ Kd8 10. Nxa8 b6 11. dxe5 Qxe4 12. exd6 Bf6 13. Nc7 Bxb2 14. O-O Bxa1 15. Bd3 Qg4 16. Qxa1 Bb7 17. Be2 f6 18. h3 Qg6 19. Nh4 Qxc2 20. Ne6+ 1-0

[Event "GER-ch Youth U10 2020"]
[Site "Willingen"]
[Date "2020.10.28"]
[Round "2.9"]
[White "Xue, Luka"]
[Black "Goldkuhle, Collin"]
[Result "1-0"]
[ECO "A49"]
[WhiteElo "1473"]
[BlackElo "1418"]
[Annotator "NA RC"]
[PlyCount "113"]
[EventDate "2020.10.27"]
[EventType "swiss"]
[EventRounds "7"]
[EventCountry "GER"]
[SourceTitle "playchess.com"]
[Source "ChessBase"]
[SourceQuality "1"]
[TimeControl "40/4500+30:900+30"]

1. d4 Nf6 2. Nf3 g6 3. g3 Bg7 4. Bg2 d6 5. O-O O-O 6. b3 Nbd7 7. Bb2 Re8 8. c4 Rb8 9. Nc3 b6 10. Qd2 Bb7 11. Rfe1 c5 12. d5 a6 13. e4 Bc8 14. a4 a5 15. Nb5 Ba6 16. Bh3 Bxb5 17. axb5 h6 18. e5 dxe5 19. Nxe5 Nxe5 20. Bxe5 Nd7 21. Bxg7 Kxg7 22. Qc3+ Kg8 23. Rad1 Nf6 24. Re3 e6 25. Qe1 exd5 26. cxd5 Kh7 27. d6 Rxe3 28. Qxe3 Qe8 29. Qf3 Qe5 30. Kf1 Kg7 31. d7 Rd8 32. Qc6 Qb8 33. Qc8 Nxd7 34. Qxb8 Rxb8 35. Rxd7 g5 36. Bg2 a4 37. bxa4 Rc8 38. Bc6 Kf6 39. Ke2 Re8+ 40. Kd2 Re6 41. Bd5 Re5 42. Rxf7+ Kg6 43. Bc4 Re4 44. Bd3 Kxf7 45. Bxe4 Ke6 46. f4 gxf4 47. gxf4 Kf6 48. a5 c4 49. a6 c3+ 50. Kxc3 h5 51. a7 h4 52. a8=Q Ke6 53. Qb7 h3 54. Bd5+ Kf5 55. Qf7+ Kg4 56. Qf6 Kh5 57. Bf3# 1-0

[Event "GER-ch Youth U10 2020"]
[Site "Willingen"]
[Date "2020.10.28"]
[Round "2.10"]
[White "Thuemler, Floris"]
[Black "Burkart, Lloyd Shang"]
[Result "0-1"]
[ECO "B40"]
[WhiteElo "1295"]
[BlackElo "1508"]
[Annotator "NA RC"]
[PlyCount "114"]
[EventDate "2020.10.27"]
[EventType "swiss"]
[EventRounds "7"]
[EventCountry "GER"]
[SourceTitle "playchess.com"]
[Source "ChessBase"]
[SourceQuality "1"]
[TimeControl "40/4500+30:900+30"]

1. e4 c5 2. Nf3 e6 3. c4 Nc6 4. Be2 Nd4 5. O-O d6 6. Nc3 Nf6 7. a3 Be7 8. b4 b6 9. e5 Nxe2+ 10. Qxe2 dxe5 11. Nxe5 Bb7 12. b5 Qc7 13. Rd1 Bd6 14. f4 O-O 15. Bb2 Rfd8 16. Kh1 Bxe5 17. fxe5 Nd7 18. Nb1 Nf8 19. d3 Ng6 20. Qf2 Nxe5 21. Qg3 f6 22. Re1 Rd7 23. Bxe5 fxe5 24. Qxe5 Qxe5 25. Rxe5 Rxd3 26. Kg1 Rd1+ 27. Kf2 Rf8+ 28. Kg3 Rff1 29. Rxe6 Rxb1 30. Rxb1 Rxb1 31. Re7 Rb3+ 32. Kg4 Bxg2 33. Rxa7 h6 34. Kf5 Bf1 35. Rb7 Bxc4 36. Rxb6 Bxb5 37. Ke5 Ba4 38. Ra6 Rxa3 39. Kd6 c4 40. Kc5 Ra2 41. Ra8+ Kh7 42. Ra7 Bb3 43. Rb7 Rxh2 44. Kd4 Kg6 45. Rc7 h5 46. Rc6+ Kg5 47. Rc7 g6 48. Rc6 Rg2 49. Ra6 Kh4 50. Ra1 g5 51. Rh1+ Kg4 52. Re1 h4 53. Re4+ Kh3 54. Re3+ Kh2 55. Rc3 g4 56. Re3 g3 57. Re1 Rf2 0-1

[Event "GER-ch Youth U10 2020"]
[Site "Willingen"]
[Date "2020.10.28"]
[Round "2.11"]
[White "Mandalka, Justus"]
[Black "Aniol, Nico"]
[Result "1-0"]
[ECO "B33"]
[WhiteElo "1437"]
[BlackElo "1417"]
[Annotator "NA RC"]
[PlyCount "149"]
[EventDate "2020.10.27"]
[EventType "swiss"]
[EventRounds "7"]
[EventCountry "GER"]
[SourceTitle "playchess.com"]
[Source "ChessBase"]
[SourceQuality "1"]
[TimeControl "40/4500+30:900+30"]

1. e4 c5 2. Nf3 Nc6 3. d4 cxd4 4. Nxd4 Nf6 5. Nxc6 bxc6 6. Nc3 e5 7. Bc4 Bb4 8. Bg5 h6 9. Bh4 Bb7 10. O-O Bxc3 11. bxc3 d5 12. exd5 cxd5 13. Bb5+ Kf8 14. Re1 g5 15. Bg3 e4 16. c4 a6 17. Ba4 Qa5 18. Be5 Qd8 19. Qd4 Kg7 20. cxd5 Kg6 21. c4 Rg8 22. Bxf6 Qxf6 23. Qxf6+ Kxf6 24. Rxe4 Rab8 25. Rae1 Bc8 26. Bb3 Bf5 27. Re7 a5 28. h3 Ra8 29. Ba4 Bb1 30. a3 Ba2 31. Rc7 Rgf8 32. Bb5 Rac8 33. Ree7 Rcd8 34. Rcd7 Rc8 35. Rc7 Rcd8 36. Red7 Ra8 37. a4 Bb1 38. g4 Bd3 39. f3 Kg6 40. Kf2 Rae8 41. Rd6+ Kg7 42. Bxe8 Rxe8 43. Rdd7 Re2+ 44. Kg3 Bg6 45. h4 gxh4+ 46. Kxh4 h5 47. gxh5 Rh2+ 48. Kg3 Rxh5 49. Ra7 Rg5+ 50. Kf2 Rf5 51. Re7 Rf4 52. d6 Rd4 53. d7 Bf5 54. Rxf7+ Kg6 55. Rxf5 Kxf5 56. Rxa5+ Ke6 57. Rd5 Rxd5 58. cxd5+ Kxd7 59. Ke3 Kd6 60. Kd4 Kd7 61. Kc5 Kc7 62. d6+ Kd8 63. Kc6 Kc8 64. d7+ Kd8 65. a5 Ke7 66. Kc7 Ke6 67. d8=Q Ke5 68. f4+ Ke4 69. f5 Kxf5 70. Qe7 Kf4 71. Qe6 Kf3 72. Qe5 Kf2 73. Qe4 Kg3 74. a6 Kh2 75. Qg4 1-0

[Event "GER-ch Youth U10 2020"]
[Site "Willingen"]
[Date "2020.10.28"]
[Round "2.12"]
[White "Kullmann, Theo"]
[Black "Krstovic, Marko"]
[Result "0-1"]
[ECO "C47"]
[WhiteElo "1632"]
[BlackElo "1443"]
[Annotator "NA RC"]
[PlyCount "73"]
[EventDate "2020.10.27"]
[EventType "swiss"]
[EventRounds "7"]
[EventCountry "GER"]
[SourceTitle "playchess.com"]
[Source "ChessBase"]
[SourceQuality "1"]
[TimeControl "40/4500+30:900+30"]

1. e4 e5 2. Nf3 Nf6 3. Nc3 Nc6 4. Bc4 Nxe4 5. Nxe4 d5 6. Bd3 dxe4 7. Bxe4 Bc5 8. h3 O-O 9. O-O Re8 10. Qe2 Nd4 11. Qd3 Nxf3+ 12. Qxf3 c6 13. c3 Be6 14. b3 Bd5 15. d3 Qd7 16. c4 Be6 17. g4 Rad8 18. Kh1 Qe7 19. Qg3 Bd4 20. Rb1 h6 21. h4 f6 22. Bb2 Qd7 23. Bxd4 Qxd4 24. f4 exf4 25. Rxf4 Qe5 26. Rbf1 g5 27. hxg5 hxg5 28. R4f3 Qxg3 29. Rxg3 Kg7 30. Kg2 Rh8 31. Rgf3 Bxg4 32. Rxf6 Bh3+ 33. Kg1 Bxf1 34. Rg6+ Kf7 35. Kxf1 Rh5 36. Kg2 Rd4 37. Bf5 0-1

[Event "GER-ch Youth U10 2020"]
[Site "Willingen"]
[Date "2020.10.28"]
[Round "2.13"]
[White "Nemitz, Alfred"]
[Black "Zhang, Yibo"]
[Result "0-1"]
[ECO "C49"]
[WhiteElo "1287"]
[BlackElo "1299"]
[Annotator "NA RC"]
[PlyCount "140"]
[EventDate "2020.10.27"]
[EventType "swiss"]
[EventRounds "7"]
[EventCountry "GER"]
[SourceTitle "playchess.com"]
[Source "ChessBase"]
[SourceQuality "1"]
[TimeControl "40/4500+30:900+30"]

1. e4 e5 2. Nf3 Nc6 3. Nc3 Nf6 4. Bb5 Bb4 5. O-O O-O 6. d3 d6 7. Bg5 Bxc3 8. bxc3 h6 9. Bh4 Qe7 10. h3 Nd8 11. Re1 Ne6 12. d4 Nf4 13. d5 Ng6 14. Bg3 Bd7 15. Bxd7 Qxd7 16. Rb1 Rab8 17. Nh4 Nxh4 18. Bxh4 Nh7 19. Qd3 Kh8 20. c4 g5 21. Bg3 Nf6 22. Qf3 Kg7 23. Qe3 Nh5 24. Qxa7 b6 25. Qa3 Ra8 26. Qb3 Nf4 27. Bxf4 gxf4 28. Ra1 h5 29. Qf3 Kh6 30. Kh2 Rg8 31. Rg1 Rg7 32. g3 fxg3+ 33. Rxg3 Rxg3 34. fxg3 Qe7 35. a3 Ra4 36. Qb3 Qd7 37. Rf1 b5 38. Qxb5 Qxb5 39. cxb5 Rxe4 40. Rxf7 Re2+ 41. Kg1 Rxc2 42. a4 Rc3 43. Kg2 Kg6 44. Rf3 Rc5 45. Rd3 Kf5 46. Kf2 Ke4 47. Rd2 Rc4 48. Ra2 Rb4 49. Rc2 Rxa4 50. Rxc7 Ra2+ 51. Ke1 Rb2 52. Rh7 Rxb5 53. Rxh5 Rxd5 54. g4 Rd3 55. Ke2 Rg3 56. Kf2 Rc3 57. h4 Kf4 58. g5 e4 59. Rh8 e3+ 60. Ke2 Rc2+ 61. Kd1 Rc3 62. g6 Rd3+ 63. Ke2 Rd2+ 64. Ke1 Rg2 65. h5 Ke4 66. h6 Rxg6 67. Re8+ Kd3 68. Kf1 Rxh6 69. Ra8 e2+ 70. Kf2 Rf6+ 0-1

[Event "GER-ch Youth U10 2020"]
[Site "Willingen"]
[Date "2020.10.28"]
[Round "2.14"]
[White "Barthel, Jacob"]
[Black "Schuricht, Emil Frederick"]
[Result "1-0"]
[ECO "A48"]
[WhiteElo "1231"]
[BlackElo "1451"]
[Annotator "NA RC"]
[PlyCount "87"]
[EventDate "2020.10.27"]
[EventType "swiss"]
[EventRounds "7"]
[EventCountry "GER"]
[SourceTitle "playchess.com"]
[Source "ChessBase"]
[SourceQuality "1"]
[TimeControl "40/4500+30:900+30"]

1. d4 Nf6 2. Nf3 g6 3. Bf4 Bg7 4. e3 O-O 5. Bd3 d6 6. Nbd2 Nbd7 7. c3 Re8 8. O-O e5 9. dxe5 dxe5 10. Bg5 h6 11. Bxf6 Nxf6 12. Bc4 e4 13. Nd4 c5 14. Ne2 Be6 15. Qc2 Bxc4 16. Nxc4 Qd5 17. Nd2 Qd3 18. Qd1 Rad8 19. Nb3 b6 20. Ng3 Ng4 21. Qxg4 a5 22. Rad1 Qb5 23. Rxd8 Rxd8 24. Qe2 Qa4 25. Nc1 f5 26. b3 Qd7 27. Qc4+ Kh7 28. b4 cxb4 29. cxb4 axb4 30. Qxb4 h5 31. Qxb6 h4 32. Nge2 Qd1 33. f3 Qd2 34. Nf4 Rd6 35. Qb3 Bc3 36. Nfe2 exf3 37. gxf3 Bb2 38. a4 h3 39. Kf2 Bxc1 40. Rxc1 Rd3 41. Qf7+ Kh6 42. Qf8+ Kh5 43. Qh8+ Kg5 44. Rg1# 1-0